 Dungeon Crawl Stone Soup version 0.18-a0-1155-g296dcbc (webtiles) character file.

53 IcyTea the Caller (level 3, -4/28 HPs)
             Began as a Tengu Summoner on Jan 23, 2016.
             Killed from afar by Strylgvaidir's ghost (7 damage)
             ... with a magic dart
             ... in a sewer.
             The game lasted 00:14:09 (1930 turns).

IcyTea the Caller (Tengu Summoner)                  Turns: 1930, Time: 00:14:09

Health: -4/28      AC: 21    Str:  8    XL:     3   Next: 89%
Magic:  0/7        EV:  2    Int: 16    God:
Gold:   116        SH:  0    Dex: 14    Spells: 1 memorised, 5 levels left

rFire  . . .     SeeInvis .     e - +0 spear
rCold  . . .     Gourm    .     (armour currently unavailable)
rNeg   + + +     Faith    .     (no shield)
rPois  +         Spirit   .     (helmet currently unavailable)
rElec  .         Dismiss  .     (cloak currently unavailable)
rCorr  .         Reflect  .     (gloves currently unavailable)
SustAt .         Harm     .     (boots unavailable)
MR     .....     NoTele   +     (no amulet)
Stlth  ++........               (no ring)
                                (no ring)

@: tree-form, not resistant to hostile enchantments, unstealthy
A: (beak), (talons 0)
a: no special abilities


You were in a sewer.
You were not hungry.
You were a tree.
You visited 1 branch of the dungeon, and saw 3 of its levels.
You also visited: Sewer.

You collected 116 gold pieces.

Inventory:

Hand Weapons
 e - a +0 spear (weapon)
Armour
 d - a +0 cloak (melded)
 l - a +1 robe of cold resistance (melded)
Scrolls
 i - 2 scrolls of remove curse
 j - a scroll of immolation
Potions
 f - 2 potions of lignification
Books
 b - a book of Callings

   Spells                             Type                      Level
   a - Summon Small Mammal            Summoning                    1
   b - Call Imp                       Summoning                    2
   c - Call Canine Familiar           Summoning                    3
   d - Summon Guardian Golem          Hexes/Summoning              3
   e - Summon Lightning Spire         Summoning/Air                4
   f - Summon Ice Beast               Ice/Summoning                4
Comestibles
 a - 2 chunks of flesh
 c - 2 bread rations
 k - a meat ration


   Skills:
 - Level 3.1 Polearms
 - Level 2.1 Dodging
 - Level 2.0 Stealth
 - Level 2.0 Spellcasting
 + Level 5.3 Summonings


You had 5 spell levels left.
You knew the following spells:

 Your Spells              Type           Power        Failure   Level  Hunger
a - Summon Small Mammal   Summ           ###.         2%          1    #......


Dungeon Overview and Level Annotations

Branches:
Dungeon (3/15)

Altars:

Annotations:
Sewer Strylgvaidir's ghost, amateur OpCj


Innate Abilities, Weirdness & Mutations

((You have a beak for a mouth.))
((You have claws for feet.))


Message History

You hit Strylgvaidir's ghost but do no damage.
Strylgvaidir's ghost is severely damaged.
Your bat hits Strylgvaidir's ghost but does no damage.
Your quokka bites Strylgvaidir's ghost.
Strylgvaidir's ghost hits you but does no damage.
Your rat bites Strylgvaidir's ghost but does no damage.
You hit Strylgvaidir's ghost.
Strylgvaidir's ghost is almost destroyed.
Your bat closely misses Strylgvaidir's ghost.
Your quokka bites Strylgvaidir's ghost.
Strylgvaidir's ghost shrieks, "You will join me soon!"
Strylgvaidir's ghost hits you but does no damage.
Your rat misses Strylgvaidir's ghost.
Your quokka bites Strylgvaidir's ghost but does no damage.
You completely miss Strylgvaidir's ghost.
Strylgvaidir's ghost is almost destroyed.
Your bat hits Strylgvaidir's ghost but does no damage.
Strylgvaidir's ghost stares at you and mumbles some strange words.
The magic dart hits you!
You die...

P## P.#
##P## ≈PP#
######P≈#
#≈≈≈≈≈..#
#≈≈≈≈br≈#
#≈≈≈≈rW♣#
##≈≈≈≈≈.#
#≈≈≈≈.≈P.
###≈≈.≈≈.P≈
###..≈..≈.#
#########


You could see Strylgvaidir's ghost (inner flame), a friendly quokka, a friendly
bat and a friendly rat.

Vanquished Creatures
  3 giant geckos
  2 giant cockroaches
  A goblin (D:1)
  3 hobgoblins
  A jackal (D:3)
  5 kobolds
  A quokka (D:2)
  2 bats (D:2)
  A giant newt (D:3)
  3 rats
22 creatures vanquished.

Vanquished Creatures (collateral kills)
  2 adders (D:3)
  A giant gecko (D:3)
  2 giant cockroaches
  2 goblins (D:2)
  3 hobgoblins
  4 jackals
  A bat (D:2)
  A giant newt (D:2)
  6 kobolds
  4 rats
26 creatures vanquished.

Grand Total: 48 creatures vanquished

Notes
Turn   | Place    | Note
--------------------------------------------------------------
     0 | D:1      | IcyTea the Tengu Summoner began the quest for the Orb.
     0 | D:1      | Reached XP level 1. HP: 10/10 MP: 4/4
   198 | D:1      | Reached skill level 5 in Summonings
   413 | D:1      | Reached XP level 2. HP: 13/15 MP: 1/6
   419 | D:1      | Reached skill level 1 in Polearms
  1219 | D:2      | Reached XP level 3. HP: 17/19 MP: 2/7
  1879 | D:3      | Found a glowing drain.
  1900 | Sewer    | Entered a sewer
  1900 | Sewer    | Noticed Strylgvaidir's ghost (amateur OpCj)
  1930 | Sewer    | Killed from afar by Strylgvaidir's ghost

Vault maps used:
D:1:      dpeg_arrival_houses_and_road, roderic_serpentine_path,
          nrook_mini_vaults
D:2:      first_bread
D:3:      corexii_shack_village, portal_sewer_entry_f
Sewer:    sewer_co_scattered_pipes

Action                   || total
-------------------------++-------
Melee: Spear             ||    87
       Unarmed           ||     2
 Cast: Summon Small Mamm ||    55
  Use: Potion            ||     3
       Scroll            ||     3
 Stab: Distracted        ||     1
       Sleeping          ||     2
  Eat: Chunk             ||     4
